Map: Zen LE

Players

llllllllllII - Winner!

  • Race: Protoss Protoss
  • League: Master
  • Spawn Location: 1:00

IamMD

  • Race: Terran Terran
  • League: Diamond
  • Spawn Location: 7:00

VOD

Have the link to the VOD?

Description

Time

  • Played on: Nov. 30, 2019, 6:55 p.m.
  • Length: 8:37
Show
View Real Time Build Order
Export as new Build Order

llllllllllII Protoss - Winner!

Build Orders:  

Get SALT Encoding   

  12  0:06  Probe (Chrono Boost)  
  13  0:16  Probe (Chrono Boost)  
  13  0:19  Pylon  
  14  0:25  Probe  
  15  0:37  Probe  
  15  0:38  Gateway  
  16  0:44  Assimilator  
  16  0:49  Probe  
  17  1:04  Probe  
  18  1:17  Probe (Chrono Boost)  
  19  1:28  Probe (Chrono Boost)  
  19  1:29  Cybernetics Core  
  19  1:32  Gateway, Probe (Chrono Boost)  
  21  1:52  Nexus  
  21  2:08  Pylon  
  21  2:10  Adept (Chrono Boost)  
  21  2:15  Warp Gate (Chrono Boost)  
  23  2:25  Pylon  
  23  2:27  Adept (Chrono Boost)  
  25  2:33  Adept  
  27  2:39  Shield Battery  
  27  2:45  Shield Battery  
  27  2:56  Adept  
  29  2:59  Gateway  
  29  3:09  Gateway  
  29  3:16  Assimilator  
  29  3:19  Probe  
  30  3:26  Pylon  
  30  3:48  Shield Battery  
  30  3:52  Shield Battery  
  30  3:57  Shield Battery  
  30  3:59  Stalker  
  30  4:15  Stalker x2  
  31  4:22  Stalker  
  31  4:29  Stalker  
  33  4:39  Stalker  
  33  4:57  Stalker x2  
  35  5:04  Stalker  
  37  5:19  Adept  
  37  5:21  Adept  
  41  5:24  Probe  
  41  5:25  Adept  
  34  5:46  Stalker x2  
  26  6:08  Adept x2  
  26  6:10  Adept x2  
  30  6:15  Probe  
  31  6:29  Adept  
  31  6:30  Adept  
  31  6:32  Adept  
  31  7:32  Adept  
  31  7:34  Adept  
  31  7:35  Adept x2  
Show
View Real Time Build Order
Export as new Build Order

IamMD Terran 

Build Orders: Liberator Opening, Reaper Expand 

Get SALT Encoding   

  12  0:00  SCV  
  13  0:12  SCV  
  14  0:18  Supply Depot  
  14  0:24  SCV  
  15  0:39  SCV  
  15  0:40  Barracks  
  16  0:45  Refinery  
  16  0:51  SCV  
  17  1:03  SCV  
  18  1:15  SCV  
  19  1:27  Orbital Command  
  19  1:29  Reaper  
  20  1:45  Command Center  
  20  1:57  SCV  
  21  2:08  Supply Depot  
  21  2:10  SCV  
  21  2:12  Marine  
  23  2:18  Factory  
  23  2:28  Bunker  
  23  2:30  SCV  
  23  2:31  Refinery  
  24  2:37  Barracks Reactor  
  24  2:42  SCV  
  25  2:54  SCV  
  26  3:03  Factory Tech Lab  
  26  3:06  SCV  
  26  3:09  Orbital Command, Starport  
  27  3:14  Marine  
  27  3:17  Marine  
  27  3:18  SCV  
  30  3:28  Cyclone  
  30  3:31  SCV  
  33  3:43  Liberator  
  33  3:58  Marine x2  
  34  4:19  Marine x2  
  34  4:23  SCV x2  
  38  4:30  Siege Tank  
  41  4:35  SCV  
  40  4:49  Marine  
  40  4:50  Marine  
  40  4:53  SCV  
  34  5:09  Marine x2, Siege Tank  
  38  5:18  SCV x2  
  40  5:24  Refinery  
  36  5:36  Marine x2  
  36  5:41  SCV x2  
  32  5:53  SCV  
  33  5:59  SCV  
  33  6:03  Refinery  
  34  6:05  SCV  
  34  6:10  Marine, Siege Tank  
  34  6:11  Marine  
  37  6:12  SCV  
  37  6:18  SCV  
  39  6:25  SCV  
  40  6:27  Refinery  
  40  6:28  Starport Reactor  
  40  6:30  SCV  
  41  6:37  SCV  
  24  7:02  Marine x2  
  24  7:03  Siege Tank  
  24  7:05  SCV x2  
  23  7:17  SCV  
  22  7:22  Marine  
  22  7:23  SCV, Marine  
Tags
 
Add a new tag
Caveats
  • Supply blocks, unpowered buildings, or Contaminate may cause inaccurate times.
  • Supply counts are checked every 10 seconds.